 Dungeon Crawl Stone Soup version 0.32-a0-126-g9fbf7fb75a (webtiles) character file.

Game seed: 13109866519089695143

1403 Ge0ff the Shooter (level 8, -3/61 HPs)
             Began as a Mummy Artificer on Feb 7, 2024.
             Slain by a wight
             ... wielding a +4 short sword
              (6 damage)
             ... on level 7 of the Dungeon.
             The game lasted 00:11:19 (6337 turns).

Ge0ff the Shooter (Mummy Artificer)                 Turns: 6337, Time: 00:11:20

Health: -3/61      AC:  7    Str: 15    XL:     8   Next: 42%
Magic:  8/8        EV:  9    Int: 10    God:
Gold:   389        SH:  5    Dex: 15    Spells: 7/7 levels left

rFire   x . .        a - +1 short sword (elec)
rCold   + . .        t - orb {light}
rNeg    + + +        o - +0 scale mail
rPois   ∞            (no helmet)
rElec   .            (no cloak)
rCorr   .            (no gloves)
SInv    .            J - +0 pair of boots
Will    ++...        G - amulet of reflection
Stlth   +            E - ring of willpower {=R}
HPRegen 0.30/turn    q - ring of flight
MPRegen 0.11/turn

%: reflection, faith
@: flying, glowing
A: cold resistance 1, negative energy resistance 3, torment resistance 2, heat
vulnerability 1, in touch with death 1, no potions, faith
a: no special abilities


You were on level 7 of the Dungeon.
You visited 1 branch of the dungeon, and saw 7 of its levels.

You collected 389 gold pieces.

Inventory:

Hand Weapons
 a - a +1 short sword of electrocution (weapon)
 n - a +0 spear
 I - a +0 flail
 M - a +0 orcbow
 N - a +0 whip of venom
 P - a +0 long sword
 Q - a +0 rapier
Missiles
 l - 44 stones (quivered)
 L - 5 boomerangs
 R - 16 poisoned darts
Armour
 b - a +0 leather armour
 o - a +0 scale mail (worn)
 t - an orb of light (worn)
 J - a +0 pair of boots (worn)
Jewellery
 q - a ring of flight (right hand)
 u - a ring of magical power
 E - a ring of willpower (left hand) {=R}
 G - an amulet of reflection (around neck)
Wands
 e - a wand of charming (4)
 f - a wand of flame (9)
 j - a wand of acid (12)
 k - a wand of iceblast (7)
Scrolls
 m - a scroll of revelation
 p - a scroll of brand weapon
 r - 2 scrolls of enchant weapon
 C - a scroll of amnesia
 D - 2 scrolls of poison {unknown}
 K - 2 scrolls of teleportation {unknown}
 O - 2 scrolls of enchant armour {unknown}
 S - 2 scrolls of summoning
 V - a scroll of vulnerability


   Skills:
 + Level 4.4 Fighting
 - Level 3.0 Short Blades
 * Level 6.6 Ranged Weapons
 - Level 1.5 Armour
 - Level 0.7 Dodging
 - Level 2.0 Stealth
 - Level 3.0 Evocations


You had 7 spell levels left.
You didn't know any spells.
Your spell library contained the following spells:

 Spells                   Type           Power      Damage    Failure   Level
 Freeze                   Ice            0%         1d3       83%         1
 Shock                    Conj/Air       0%         1d3       83%         1
 Sting                    Conj/Alch      0%         1d3       83%         1
 Mercury Vapours          Alch/Air       0%         N/A       92%         2
 Frozen Ramparts          Ice            0%         1d1       99%         3
 Hailstorm                Conj/Ice       0%         3d5       99%         3
 Swiftness                Air            0%         N/A       99%         3
 Airstrike                Air            0%         2d(0-16)  100%        4
 Leda's Liquefaction      Alch/Erth      0%         N/A       100%        4
 Olgreb's Toxic Radiance  Alch           0%         N/A       100%        4
 Petrify                  Alch/Erth      0%         N/A       100%        4
 Vhi's Electric Charge    Tloc/Air       0%         N/A       100%        4
 Arcjolt                  Conj/Air       0%         1d10      100%        5
 Metabolic Englaciation   Hex/Ice        0%         N/A       100%        5
 Plasma Beam              Fire/Air       0%         2x1d10    100%        6


Dungeon Overview and Level Annotations

Branches:
Dungeon (7/15) Zot: 26842
 Temple: D:4-7

Altars:
Cheibriados
Gozag
Makhleb
Sif Muna
Trog
Uskayaw


Innate Abilities, Weirdness & Mutations

You are immune to poison.
Your flesh is cold resistant. (rC+)
You are immune to negative energy. (rN+++)
You are immune to unholy pain and torment.
You are vulnerable to heat. (rF-)
You are in touch with the powers of death.
You do not drink.
You have a special connection with the divine. (Faith)


Message History

You hit the wight.
The wight is lightly damaged.
You barely miss the wight.
The wight is lightly damaged.
The wight hits you with a +4 short sword.
You hit the wight but do no damage.
The wight is lightly damaged.
The wight closely misses you.
You hit the wight but do no damage. Lightning courses through the wight!
The wight is severely damaged.
The wight hits you with a +0 mace.
The wight hits you with a +4 short sword!
You hit the wight.
The wight is severely damaged.
The wight barely misses you.
The wight hits you with a +4 short sword.
You are too injured to fight recklessly!
You hit the wight but do no damage. You hit the wight but do no damage.
The wight is severely damaged.
The wight closely misses you. The wight completely misses you.
You hit the wight but do no damage.
The wight is severely damaged.
You hit the wight but do no damage.
The wight is severely damaged.
The wight hits you with a +4 short sword.
The wight hits you but does no damage.
You hit the wight.
The wight is almost destroyed.
The wight hits you but does no damage. The wight hits you with a +0 mace.
You hit the wight.
The wight is almost destroyed.
The wight hits you with a +0 mace.
The wight hits you with a +4 short sword!
You hit the wight.
The wight is almost destroyed.
The wight hits you with a +0 mace.
* * * LOW HITPOINT WARNING * * *
The wight hits you with a +4 short sword.
* * * LOW HITPOINT WARNING * * *
The wight attacks as it pursues you!
The wight hits you with a +4 short sword.
* * * LOW HITPOINT WARNING * * *
The wight hits you with a +0 mace.
* * * LOW HITPOINT WARNING * * *
As you read the scroll of summoning, it crumbles to dust.
Wisps of shadow whirl around you... The wight hits you with a +0 mace.
* * * LOW HITPOINT WARNING * * *
The wight hits you with a +4 short sword.
You die...

#############
............#
............#
........y...#
.........k..#
.........y.z########
........y.@zc.......
........)####.[.....
########.# .######
#.# .# ###'####.#
#.....<#.#
#....#.#.#
#....#.#.# #....#.#


You could see 2 wights, a friendly wyvern (summoned), a friendly centaur
(summoned) and 3 friendly killer bees.

Vanquished Creatures
  A water moccasin (D:6)
  A black bear (D:6)
  2 ogres
  A centaur (D:6)
  A phantom (D:4)
  A kobold brigand (D:6)
  A scorpion (D:4)
  A wight (D:7)
  A howler monkey (D:5)
  A bombardier beetle (D:4)
  A gnoll bouda (D:5)
  2 jellies
  2 sleepcaps
  2 hounds
  2 orc priests (D:5)
  7 iguanas
  4 adders
  4 gnolls
  A shadow imp (D:6)
  2 white imps
  A ribbon worm (D:2)
  4 dart slugs (D:3)
  10 orcs
  4 bats
  7 endoplasms
  2 giant cockroaches
  6 goblins
  10 hobgoblins
  7 jackals
  A quokka (D:1)
  9 ball pythons
  4 frilled lizards
  8 kobolds
  4 rats
115 creatures vanquished.

Vanquished Creatures (collateral kills)
  A hound (D:6)
  3 gnolls (D:5)
  3 orcs (D:5)
  A goblin (D:2)
  A jackal (D:2)
  2 kobolds (D:6)
11 creatures vanquished.

Vanquished Creatures (others)
  A centaur (D:5)
  A howler monkey (D:6)
  A shadow imp (D:6)
  3 orcs (D:2)
6 creatures vanquished.

Grand Total: 132 creatures vanquished

Notes
Turn   | Place    | Note
-------+----------+-------------------------------------------
     0 | D:1      | Ge0ff the Mummy Artificer began the quest for the Orb.
     0 | D:1      | Reached XP level 1. HP: 15/15 MP: 1/1
    68 | D:1      | You fall into a shaft and drop 1 floor!
   115 | D:2      | Reached skill level 1 in Stealth
   128 | D:2      | Reached XP level 2. HP: 5/21 MP: 2/2
   954 | D:1      | Reached XP level 3. HP: 21/27 MP: 3/3
  2236 | D:3      | Found a burning altar of Makhleb.
  2237 | D:3      | Found a snail-covered altar of Cheibriados.
  2350 | D:3      | Reached XP level 4. HP: 34/34 MP: 4/4
  2478 | D:3      | Found an opulent altar of Gozag.
  2499 | D:3      | Identified the staff "Nasch" {^Fragile rPois Str+3 Int+2
                  | Alchemy}
  2885 | D:4      | Noticed a scorpion
  2888 | D:4      | Killed a scorpion
  2889 | D:4      | Reached skill level 1 in Ranged Weapons
  2889 | D:4      | Reached XP level 5. HP: 41/41 MP: 5/5
  2969 | D:4      | Noticed a phantom
  2988 | D:4      | Killed a phantom
  2989 | D:4      | Reached skill level 2 in Ranged Weapons
  3346 | D:4      | Reached XP level 6. HP: 48/48 MP: 6/6
  3516 | D:4      | Reached skill level 3 in Ranged Weapons
  3846 | D:4      | Reached skill level 4 in Ranged Weapons
  3991 | D:5      | Entered Level 5 of the Dungeon
  4052 | D:5      | Reached XP level 7. HP: 44/54 MP: 7/7
  4112 | D:5      | Found a hide-covered altar of Uskayaw.
  4538 | D:5      | Reached skill level 5 in Ranged Weapons
  4574 | D:5      | HP: 1/54 [orc priest/divine providence (12)]
  5179 | D:6      | Found a shimmering blue altar of Sif Muna.
  5193 | D:6      | Reached skill level 6 in Ranged Weapons
  5528 | D:6      | Reached skill level 1 in Short Blades
  5528 | D:6      | Reached XP level 8. HP: 23/60 MP: 8/8
  5869 | D:6      | Found a bloodstained altar of Trog.
  6337 | D:7      | HP: 3/61 [wight/+0 mace (5)]
  6337 | D:7      | Slain by a wight

Illustrated notes

Levels and vault maps discovered:
D:1:      roadster_arrival_rocket_large, layout_loops_corners,
          nicolae_hexahallways
D:2:      layout_rooms, guppyfry_early_orc_mine
D:3:      layout_loops_ring, mainiacjoe_overflow_small_starburst,
          lemuel_doored_altar, minitemple
D:4:      layout_gridville
D:5:      layout_basic, nicolae_uskayaw_dance_hall
D:6:      layout_rooms, nicolae_sif_muna_condensation,
          mainiacjoe_overflow_brackets
D:7:      layout_basic, kiku_gazebo_garden_becter,
          minmay_temple_entry_nine_rooms, nicolae_lava_and_water

Skill      XL: |  1  2  3  4  5  6  7  8 |
---------------+-------------------------+-----
Stealth        | 1 2 |  2.0
Fighting       | 2 3 4 |  4.4
Evocations     | 3 |  3.0
Ranged Weapons | 1 2 4 6 |  6.6
Short Blades   | 1 3 |  3.0
Armour         | |  1.5
Dodging        | |  0.7

Action                     |  1- 3 |  4- 6 |  7- 9 || total
---------------------------+-------+-------+-------++-------
  Melee: Club              |    17 |       |       ||    17
         Flail             |   155 |    50 |       ||   205
         Punch             |     3 |       |       ||     3
         Long sword        |       |    38 |     6 ||    44
         Short sword       |       |       |   166 ||   166
  Throw: Stone             |     4 |     2 |     5 ||    11
  Evoke: Wand              |     6 |     7 |    10 ||    23
    Use: Scroll            |     3 |     1 |     5 ||     9
   Stab: Sleeping          |     4 |       |       ||     4
         Distracted        |       |       |     1 ||     1
 Armour: Leather armour    |   120 |    31 |       ||   151
         Scale mail        |       |    34 |   131 ||   165
  Dodge: Dodged            |   145 |    49 |    91 ||   285

Table legend: (Time is in decaauts)
 A = Elapsed time spent in this place.
 B = Non-inter-level travel time spent in this place.
 C = Inter-level travel time spent in this place.
 D = Time resting spent in this place.
 E = Time spent auto-exploring this place.
 F = Levels seen in this place.
 G = Mean time per level.
                   A        B        C        D        E       F      G
               +--------+--------+--------+--------+--------+-----+--------+
         Total |   6429 |   6211 |    218 |    283 |   4419 |   7 |  918.4 |
       Dungeon |   6429 |   6211 |    218 |    283 |   4419 |   7 |  918.4 |
               +--------+--------+--------+--------+--------+-----+--------+

Top non-repeatable levels by time:
     D:1: 1393 daAuts
     D:5: 1166 daAuts
     D:4: 1056 daAuts
     D:6: 1017 daAuts
     D:3: 856 daAuts
     D:2: 782 daAuts
     D:7: 157 daAuts
